 Dungeon Crawl Stone Soup version 0.25.0-9-g26727b657a (webtiles) character file.

Game seed: 277270541036031203

804 dwimo the Cleaver (level 7, -7/59 HPs)
             Began as a Minotaur Berserker on June 17, 2020.
             Was a Priest of Trog.
             Mangled by an orc warrior
             ... wielding a +0 war axe
              (10 damage)
             ... on level 3 of the Dungeon.
             The game lasted 00:17:15 (3552 turns).

dwimo the Cleaver (Minotaur Berserker)              Turns: 3552, Time: 00:17:16

Health: -7/59      AC: 13    Str: 23    XL:     7   Next: 60%
Magic:  6/6        EV:  7    Int:  4    God:    Trog [***...]
Gold:   510        SH:  4    Dex: 10    Spells: 6/6 levels left

rFire    . . .     SeeInvis .   a - +0 hand axe
rCold    . . .     Gourm    .   e - +0 buckler
rNeg     . . .     Faith    .   m - +0 plate armour
rPois    .         Spirit   .   (helmet restricted)
rElec    .         Reflect  .   (no cloak)
rCorr    .         Harm     .   (no gloves)
MR       .....                  b - +0 pair of boots
Stlth    ..........             (no amulet)
HPRegen  0.19/turn              (no ring)
MPRegen  0.10/turn              (no ring)

@: berserk cooldown, slowed, very slow
A: retaliatory headbutt, horns 2
a: Berserk, Trog's Hand, Renounce Religion


You were on level 3 of the Dungeon.
You worshipped Trog.
Trog was most pleased with you.
You were not hungry.

You visited 1 branch of the dungeon, and saw 4 of its levels.
You also visited: Ossuary.

You collected 510 gold pieces.

Inventory:

Hand Weapons
 a - a +0 hand axe (weapon)
Missiles
 j - 106 stones (quivered)
Armour
 b - a +0 pair of boots (worn)
 e - a +0 buckler (worn)
 m - a +0 plate armour (worn)
Wands
 q - a wand of polymorph (6)
Scrolls
 d - 3 scrolls of immolation {unknown}
 f - a scroll of blinking {unknown}
 i - 2 scrolls of enchant weapon {unknown}
 k - a scroll of random uselessness {unknown}
 n - 3 scrolls of enchant armour {unknown}
 o - 2 scrolls of amnesia {unknown}
 p - 4 scrolls of identify {unknown}
 r - a scroll of fog {unknown}
 s - a scroll of teleportation {unknown}
Potions
 g - 3 potions of heal wounds {unknown}
 h - a potion of resistance {unknown}
 l - 5 potions of curing {unknown}
 t - a potion of berserk rage {unknown}
 u - a potion of brilliance {unknown}
 v - 2 potions of cancellation {unknown}
 w - a potion of might {unknown}
 x - a potion of mutation {unknown}
 z - a potion of ambrosia {unknown}
 A - a potion of degeneration {unknown}
 B - a potion of lignification {unknown}
 C - a potion of stabbing {unknown}
Comestibles
 c - 4 rations


   Skills:
 - Level 4.1 Fighting
 * Level 8.0 Axes
 + Level 5.5 Armour
 - Level 2.1 Dodging
 + Level 4.7 Shields


You had 6 spell levels left.
You didn't know any spells.
Your spell library was empty.

Dungeon Overview and Level Annotations

Branches:
Dungeon (4/15)            Ossuary (visited)
 Temple: D:4-7

Altars:
Vehumet
Xom


Innate Abilities, Weirdness & Mutations

You reflexively headbutt those who attack you in melee.
You have a pair of horns on your head.


Message History

The orc wizard gestures wildly while chanting.
The orc wizard blinks!
The orc warrior barely misses you. You block the orc wizard's attack.
The orc wizard hits you but does no damage.
The orc warrior hits you but does no damage.
The orc wizard hits you but does no damage.
You block the orc wizard's attack.
The orc wizard mumbles some strange words.
The orc wizard blinks!
The orc warrior hits you with a +0 war axe.
* * * LOW HITPOINT WARNING * * *
There is a stone staircase leading up here.
The orc warrior hits you with a +0 war axe.
* * * LOW HITPOINT WARNING * * *
The orc warrior hits you with a +0 war axe!
* * * LOW HITPOINT WARNING * * *
You climb upwards.
There is a stone staircase leading down here.
The orc warrior hits you with a +0 war axe!
You die...

#.......# #....###.# #.# #####.
#....#.)# #.....##.#####.###.###.
..#..#..# #...#.##.#.......#...)<
..#.....###...#.##.#.....#...#.#.
#.##..........#.##.#....##.#.#...
..#....###....#..#.#....##.......
###.######....##.#.#....####.#...
.......#.................# #.#...
....##.#.##...##@o.##.#### #.##..
..............###..##.######.#<..
..............# #.>..........##..
.......(...#### ######.########..
...........# #.### ###
)..........# ###...##### #
..#....##### #...#.....# #
..#....# ########.#.#..##[# #
.......# #......o...#..#..# #


You could see an orc warrior.

Vanquished Creatures
  Grinder (D:3)
  Eustachio (D:4)
  2 orc wizards
  A gnoll shaman (D:4)
  An orc priest (D:4)
  A worker ant (D:4)
  A big kobold zombie (Ossuary)
  A hound skeleton (D:3)
  8 mummies (Ossuary)
  8 gnolls
  3 adders
  A dart slug (D:3)
  4 leopard geckos
  8 orcs
  5 bats
  3 giant cockroaches
  2 gnoll zombies (Ossuary)
  6 goblins
  4 hobgoblins
  14 jackals
  A quokka (D:2)
  A ball python (D:1)
  5 frilled lizards
  A hobgoblin zombie (Ossuary)
  6 kobolds
  2 kobold zombies (Ossuary)
  2 orc zombies (Ossuary)
  9 rats
102 creatures vanquished.

Notes
Turn   | Place    | Note
-------+----------+-------------------------------------------
     0 | D:1      | dwimo the Minotaur Berserker began the quest for the Orb.
     0 | D:1      | Reached XP level 1. HP: 19/19 MP: 0/0
   221 | D:1      | Reached XP level 2. HP: 24/27 MP: 1/1
   287 | D:1      | Reached skill level 4 in Axes
   529 | D:1      | Reached skill level 1 in Shields
   791 | D:2      | Found a radiant altar of Vehumet.
   801 | D:2      | Reached XP level 3. HP: 33/33 MP: 2/2
   945 | D:2      | Reached ** piety under Trog
  1248 | D:3      | Noticed Grinder
  1260 | D:3      | Paralysed by Grinder for 3 turns
  1268 | D:3      | Killed Grinder
  1268 | D:3      | Reached skill level 6 in Axes
  1268 | D:3      | Reached XP level 4. HP: 22/40 MP: 3/3
  1268 | D:3      | Reached XP level 5. HP: 26/46 MP: 4/4
  1653 | D:3      | Reached XP level 6. HP: 49/52 MP: 5/5
  1964 | D:3      | Found a shimmering altar of Xom.
  1968 | D:3      | Found a shimmering altar of Xom.
  1969 | D:3      | Found a shimmering altar of Xom.
  1977 | D:3      | Found a shimmering altar of Xom.
  2306 | D:4      | Reached *** piety under Trog
  2766 | D:4      | Reached skill level 7 in Axes
  2767 | D:4      | Reached XP level 7. HP: 59/59 MP: 6/6
  2892 | D:4      | Reached skill level 5 in Armour
  2896 | D:4      | Noticed Eustachio
  2901 | D:4      | Found a sand-covered staircase.
  2913 | D:4      | Killed Eustachio
  2943 | Ossuary  | Entered an ossuary
  3266 | Ossuary  | Reached skill level 8 in Axes
  3549 | D:4      | HP: 2/59 [orc warrior/+0 war axe (9)]
  3552 | D:3      | Mangled by an orc warrior

Illustrated notes

Levels and vault maps discovered:
D:1:      dpeg_arrival_tiny_e, layout_rooms, st_stairs_8, chequers_jeans
D:2:      layout_rooms, nicolae_overflow_crystal_walls
D:3:      layout_basic, xom_redecorated, uniq_grinder
D:4:      layout_basic, first_ration, nicolae_ossuary_entry_ruins,
          uniq_blork_the_orc, uniq_crazy_yiuf_cottage, uniq_eustachio

Skill      XL: |  1  2  3  4  5  6  7 |
---------------+----------------------+-----
Axes           | 4 6 7 8 |  8.0
Shields        | 1 3 4 |  4.7
Fighting       | 4 |  4.1
Armour         | 4 5 |  5.5
Dodging        | |  2.1

Action                   |  1- 3 |  4- 6 |  7- 9 || total
-------------------------+-------+-------+-------++-------
Melee: Hand axe          |    84 |   111 |    74 ||   269
       Headbutt          |    13 |    20 |     9 ||    42
Throw: Stone             |    21 |       |     4 ||    25
Invok: Berserk           |     1 |     2 |     3 ||     6
  Eat: Chunk             |     1 |     2 |     2 ||     5
       Ration            |       |     2 |     1 ||     3
Armor: Animal skin       |     2 |       |       ||     2
       Plate armour      |    22 |    74 |    20 ||   116
Dodge: Dodged            |    37 |    37 |    12 ||    86
Block: Buckler           |     4 |    28 |    11 ||    43
